PA
COLUMBIA RIVER RATS @ NEBRASKA PLAINSMEN
08/24/2028
 
TOP OF THE 1ST
Columbia River Rats batting - Pitching for Nebraska Plainsmen : LHP Alberto Bahe
Pitching: LHP Alberto Bahe
Batting: RHB Víctor Hernández 0-0: Ball
1-0: Swinging Strike
1-1: DOUBLE (Line Drive, 78M)
Batting: RHB Mario Jacome 0-0: Called Strike
0-1: Swinging Strike
0-2: Ball
1-2: Ball
2-2: Strikes out swinging
Batting: RHB Michael Walters 0-0: Called Strike
0-1: Ball
1-1: Ball
2-1: Called Strike
2-2: Strikes out swinging
Batting: RHB Marcos Rico 0-0: Ball
1-0: Called Strike
1-1: Ball
2-1: SINGLE (Groundball, P) (infield hit)
Víctor Hernández to third
Batting: SHB Robert Hillier 0-0: Called Strike
0-1: Ball
1-1: Called Strike
1-2: Foul Ball, location: 2F
1-2: Ball
2-2: Ball
3-2: Strikes out swinging
Top of the 1st over - 0 run(s), 2 hit(s), 0 error(s), 2 left on base; Columbia 0 - Nebraska 0
BOTTOM OF THE 1ST
Nebraska Plainsmen batting - Pitching for Columbia River Rats : RHP Howard Jamerson
Pitching: RHP Howard Jamerson
Batting: LHB Elian Gonzalez 0-0: Ball
1-0: Ball
2-0: Called Strike
2-1: Called Strike
2-2: Ball
3-2: Base on Balls
Batting: LHB Gilberto Moreno 0-0: Ball
1-0: Foul Ball, location: 2F
1-1: Ball
2-1: Swinging Strike
2-2: Foul Ball, location: 2F
2-2: Ball
3-2: SINGLE (Groundball, 4MD)
Elian Gonzalez to second
Runner from 2nd tries for 3rd, SAFE, no throw
Batting: SHB Keyveat Postell 0-0: Called Strike
0-1: Hit by Pitch
Gilberto Moreno to second
Batting: LHB Josh Platt 0-0: Ball
1-0: SINGLE (Flyball, 89S)
Elian Gonzalez scores
Gilberto Moreno to third
Keyveat Postell to second
Batting: RHB Alco Compagne 0-0: Ball
1-0: Foul Ball, location: 2F
1-1: DOUBLE (Line Drive, 7LD)
Gilberto Moreno scores
Keyveat Postell scores
Josh Platt to third
Batting: LHB Gerardo Ponce de Leon 0-0: Fly out, F8 (Flyball, 8LM)
Runner from 3rd tags up, SCORES, throw made
Batting: RHB Harith Karim 0-0: Called Strike
0-1: Ball
1-1: Ball
2-1: Foul Ball, location: 2F
2-2: Strikes out swinging
Batting: RHB Shelby Loudenslager 0-0: Foul Ball, location: 2F
0-1: Ground out 6-3 (Groundball, 6)
Bottom of the 1st over - 4 run(s), 3 hit(s), 0 error(s), 1 left on base; Columbia 0 - Nebraska 4
TOP OF THE 2ND
Columbia River Rats batting - Pitching for Nebraska Plainsmen : LHP Alberto Bahe
Batting: RHB Dan Parkinson 0-0: Ball
1-0: Ground out 5-3 (Groundball, 5S)
Batting: RHB Richard Blackburn 0-0: Called Strike
0-1: Ball
1-1: Ball
2-1: TRIPLE (Flyball, 9LM)
Batting: RHB Fernando Arévalo 0-0: Ball
1-0: Ball
2-0: Called Strike
2-1: Ground out 5-3 (Groundball, 56S)
Richard Blackburn scores
Batting: RHB Miguel Delgado 0-0: Ball
1-0: Foul Ball, location: 2F
1-1: Ball
2-1: Ball
3-1: Called Strike
3-2: Base on Balls
Batting: RHB Víctor Hernández 0-0: Called Strike
Pickoff Throw to First - Out!
Top of the 2nd over - 1 run(s), 1 hit(s), 0 error(s), 0 left on base; Columbia 1 - Nebraska 4
BOTTOM OF THE 2ND
Nebraska Plainsmen batting - Pitching for Columbia River Rats : RHP Howard Jamerson
Batting: LHB Michael Cochran 0-0: Ball
1-0: Ball
2-0: Ball
3-0: Base on Balls
Batting: LHB Elian Gonzalez 0-0: Called Strike
Michael Cochran steals 2nd base
0-1: Foul Ball, location: 2F
0-2: Ball
1-2: Ball
2-2: Ball
3-2: SINGLE (Line Drive, 6D)
Michael Cochran to third
Runner from 3rd tries for Home, SAFE, no throw
Batting: LHB Gilberto Moreno 0-0: Ball
1-0: Called Strike
1-1: Called Strike
1-2: Foul Ball, location: 2F
1-2: Ball
2-2: Strikes out swinging
Batting: SHB Keyveat Postell 0-0: Called Strike
0-1: Grounds into double play, 3-6-3 (Groundball, 3)
Bottom of the 2nd over - 1 run(s), 1 hit(s), 0 error(s), 0 left on base; Columbia 1 - Nebraska 5
TOP OF THE 3RD
Columbia River Rats batting - Pitching for Nebraska Plainsmen : LHP Alberto Bahe
Batting: RHB Víctor Hernández 0-0: Swinging Strike
0-1: Ball
1-1: Foul Ball, location: 2F
1-2: Strikes out swinging
Batting: RHB Mario Jacome 0-0: Ball
1-0: Ball
2-0: Called Strike
2-1: Ball
3-1: Foul Ball, location: 2F
3-2: Fly out, F8 (Flyball, 8LM)
Batting: RHB Michael Walters 0-0: Called Strike
0-1: SINGLE (Groundball, 6MD)
Batting: RHB Marcos Rico 0-0: Ball
1-0: Ball
2-0: Ball
3-0: Base on Balls
Michael Walters to second
Batting: SHB Robert Hillier 0-0: Ball
1-0: Ball
2-0: Foul Ball, location: 2F
2-1: Fielders Choice at 2nd, 4-6 (Groundball, 4)
Top of the 3rd over - 0 run(s), 1 hit(s), 0 error(s), 1 left on base; Columbia 1 - Nebraska 5
BOTTOM OF THE 3RD
Nebraska Plainsmen batting - Pitching for Columbia River Rats : RHP Howard Jamerson
Batting: LHB Josh Platt 0-0: Called Strike
0-1: Swinging Strike
0-2: Fly out, F9 (Flyball, 9S)
Batting: RHB Alco Compagne 0-0: Called Strike
0-1: Ball
1-1: Ball
2-1: Called Strike
2-2: Ball
3-2: SINGLE (Line Drive, 7S)
Batting: LHB Gerardo Ponce de Leon 0-0: DOUBLE (Line Drive, 9LM)
Alco Compagne to third
Batting: RHB Harith Karim 0-0: Called Strike
0-1: Ground out 4-3 (Groundball, 4)
Alco Compagne scores
Gerardo Ponce de Leon to third
Batting: RHB Shelby Loudenslager 0-0: Called Strike
0-1: Swinging Strike
0-2: Ball
1-2: Strikes out swinging
Bottom of the 3rd over - 1 run(s), 2 hit(s), 0 error(s), 1 left on base; Columbia 1 - Nebraska 6
TOP OF THE 4TH
Columbia River Rats batting - Pitching for Nebraska Plainsmen : LHP Alberto Bahe
Batting: RHB Dan Parkinson 0-0: Ball
1-0: Called Strike
1-1: Foul Ball, location: 2F
1-2: Ground out 1-3 (Groundball, 15S)
Batting: RHB Richard Blackburn 0-0: Ball
1-0: Ball
2-0: Ball
3-0: Called Strike
3-1: Foul Ball, location: 2F
3-2: Foul Ball, location: 2F
3-2: SINGLE (Groundball, 6MD)
Batting: RHB Fernando Arévalo 0-0: Ball
1-0: Ball
2-0: Foul Ball, location: 2F
2-1: Ball
3-1: Fly out, F8 (Flyball, 8RS)
Batting: RHB Miguel Delgado 0-0: Ball
1-0: SINGLE (Groundball, 4MD)
Richard Blackburn to second
Throwing error, E8
Richard Blackburn scores
Miguel Delgado to second
Batting: RHB Víctor Hernández 0-0: Ball
1-0: Ball
2-0: Called Strike
2-1: Ground out 5-3 (Groundball, 56)
Top of the 4th over - 1 run(s), 2 hit(s), 1 error(s), 1 left on base; Columbia 2 - Nebraska 6
BOTTOM OF THE 4TH
Nebraska Plainsmen batting - Pitching for Columbia River Rats : RHP Howard Jamerson
Batting: LHB Michael Cochran 0-0: Swinging Strike
0-1: Ball
1-1: Swinging Strike
1-2: Foul Ball, location: 2F
1-2: SINGLE (Flyball, 8RS) - OUT at second base trying to stretch hit.
Batting: LHB Elian Gonzalez 0-0: Ball
1-0: Ball
2-0: Ball
3-0: Called Strike
3-1: Base on Balls
Batting: LHB Gilberto Moreno 0-0: Called Strike
0-1: Ground out U3 (Groundball, 34S)
Elian Gonzalez to second
Batting: SHB Keyveat Postell 0-0: Called Strike
0-1: Fly out, F7 (Flyball, 7)
Bottom of the 4th over - 0 run(s), 1 hit(s), 0 error(s), 1 left on base; Columbia 2 - Nebraska 6
TOP OF THE 5TH
Columbia River Rats batting - Pitching for Nebraska Plainsmen : LHP Alberto Bahe
Batting: RHB Mario Jacome 0-0: Called Strike
0-1: Ball
1-1: Called Strike
1-2: Foul Ball, location: 2F
1-2: Ground out 2-3 (Groundball, 15S)
Batting: RHB Michael Walters 0-0: Foul Ball, location: 2F
0-1: Ball
1-1: Ball
2-1: Foul Ball, location: 2F
2-2: Foul Ball, location: 2F
2-2: Ball
3-2: SINGLE (Flyball, 8RS)
Batting: RHB Marcos Rico 0-0: Ball
1-0: Ball
2-0: Foul Ball, location: 2F
2-1: Ball
3-1: Called Strike
3-2: Strikes out looking
Batting: SHB Robert Hillier 0-0: Called Strike
0-1: Fly out, F9 (Flyball, 9LSF)
Top of the 5th over - 0 run(s), 1 hit(s), 0 error(s), 1 left on base; Columbia 2 - Nebraska 6
BOTTOM OF THE 5TH
Nebraska Plainsmen batting - Pitching for Columbia River Rats : RHP Howard Jamerson
Batting: LHB Josh Platt 0-0: Ball
1-0: Swinging Strike
1-1: Swinging Strike
1-2: Ball
2-2: Foul Ball, location: 2F
2-2: Strikes out swinging
Batting: RHB Alco Compagne 0-0: Ball
1-0: SINGLE (Line Drive, 56)
Batting: LHB Gerardo Ponce de Leon 0-0: Called Strike
0-1: Swinging Strike
0-2: Foul Ball, location: 2F
0-2: Ball
1-2: SINGLE (Line Drive, 4MD)
Alco Compagne to second
Batting: RHB Harith Karim 0-0: Ball
1-0: Called Strike
1-1: Ball
2-1: Foul Ball, location: 2F
2-2: Strikes out swinging
Batting: RHB Shelby Loudenslager 0-0: Called Strike
0-1: Ball
1-1: Ball
2-1: Ground out 1-3 (Groundball, 13)
Bottom of the 5th over - 0 run(s), 2 hit(s), 0 error(s), 2 left on base; Columbia 2 - Nebraska 6
TOP OF THE 6TH
Columbia River Rats batting - Pitching for Nebraska Plainsmen : LHP Alberto Bahe
Batting: RHB Dan Parkinson 0-0: Called Strike
0-1: Ball
1-1: Ball
2-1: Foul Ball, location: 2F
2-2: Ball
3-2: SINGLE (Groundball, 6D)
Pitching: RHP Alejandro Morín
Batting: RHB Richard Blackburn 0-0: Ball
1-0: Called Strike
1-1: Ball
2-1: Ball
3-1: Called Strike
3-2: Strikes out swinging
Batting: RHB Fernando Arévalo 0-0: Called Strike
0-1: Ground out 6-3 (Groundball, 6S)
Dan Parkinson to second
Batting: RHB Miguel Delgado 0-0: Swinging Strike
0-1: Swinging Strike
0-2: Foul Ball, location: 2F
0-2: Ball
1-2: Foul Ball, location: 2F
1-2: Foul Ball, location: 2F
1-2: Foul Ball, location: 2F
1-2: Ball
2-2: Ball
3-2: SINGLE (Groundball, 56S) (infield hit)
Dan Parkinson to third
Batting: RHB Víctor Hernández 0-0: Fielders Choice at 2nd, 5-4 (Groundball, 56)
Top of the 6th over - 0 run(s), 2 hit(s), 0 error(s), 1 left on base; Columbia 2 - Nebraska 6
BOTTOM OF THE 6TH
Nebraska Plainsmen batting - Pitching for Columbia River Rats : RHP Howard Jamerson
Batting: LHB Michael Cochran 0-0: Ball
1-0: Called Strike
1-1: Foul Ball, location: 2F
1-2: Strikes out swinging
Batting: LHB Elian Gonzalez 0-0: SINGLE (Flyball, 78S)
Batting: LHB Gilberto Moreno 0-0: Called Strike
0-1: Called Strike
0-2: SINGLE (Groundball, 4MD)
Elian Gonzalez to second
Batting: SHB Keyveat Postell 0-0: Called Strike
0-1: Ball
1-1: DOUBLE (Flyball, 78XD)
Elian Gonzalez scores
Gilberto Moreno to third
Pitching: LHP Joe Khokar
Batting: LHB Josh Platt 0-0: DOUBLE (Line Drive, 7LS)
Gilberto Moreno scores
Keyveat Postell scores
Batting: RHB Alco Compagne 0-0: 2-RUN HOME RUN (Flyball, 9D), Distance : 384 ft
Batting: LHB Gerardo Ponce de Leon 0-0: Called Strike
0-1: Swinging Strike
0-2: Foul Ball, location: 2F
0-2: Ball
1-2: Ground out U3 (Groundball, 3L)
Batting: RHB Harith Karim 0-0: Swinging Strike
0-1: Ball
1-1: SINGLE (Groundball, 56D)
Batting: RHB Shelby Loudenslager 0-0: Ball
1-0: Fly out, F8 (Flyball, 8LS)
Bottom of the 6th over - 5 run(s), 6 hit(s), 0 error(s), 1 left on base; Columbia 2 - Nebraska 11
TOP OF THE 7TH
Columbia River Rats batting - Pitching for Nebraska Plainsmen : RHP Alejandro Morín
Batting: RHB Mario Jacome 0-0: Ball
1-0: Ball
2-0: Fly out, F9 (Flyball, 9LM)
Batting: RHB Michael Walters 0-0: Ball
1-0: Ball
2-0: Swinging Strike
2-1: Foul Ball, location: 2F
2-2: Strikes out swinging
Batting: RHB Marcos Rico 0-0: Called Strike
0-1: Ball
1-1: Ground out 5-3 (Groundball, 56S)
Top of the 7th over - 0 run(s), 0 hit(s), 0 error(s), 0 left on base; Columbia 2 - Nebraska 11
BOTTOM OF THE 7TH
Nebraska Plainsmen batting - Pitching for Columbia River Rats : LHP Joe Khokar
Batting: LHB Michael Cochran 0-0: Called Strike
0-1: Foul Ball, location: 2F
0-2: Ball
1-2: Ball
2-2: Ball
3-2: Fly out, F7 (Flyball, 7LS)
Batting: LHB Elian Gonzalez 0-0: Called Strike
0-1: Swinging Strike
0-2: Ball
1-2: Ball
2-2: Ground out U3 (Groundball, 3)
Batting: LHB Gilberto Moreno 0-0: Ball
1-0: Called Strike
1-1: Foul Ball, location: 2F
1-2: Strikes out looking
Bottom of the 7th over - 0 run(s), 0 hit(s), 0 error(s), 0 left on base; Columbia 2 - Nebraska 11
TOP OF THE 8TH
Columbia River Rats batting - Pitching for Nebraska Plainsmen : RHP Alejandro Morín
Batting: SHB Robert Hillier 0-0: Fly out, F7 (Flyball, 7S)
Batting: RHB Dan Parkinson 0-0: Called Strike
0-1: Ball
1-1: Ball
2-1: Fly out, F5 (Line Drive, 56)
Batting: RHB Richard Blackburn 0-0: Called Strike
0-1: Called Strike
0-2: Strikes out swinging
Top of the 8th over - 0 run(s), 0 hit(s), 0 error(s), 0 left on base; Columbia 2 - Nebraska 11
BOTTOM OF THE 8TH
Nebraska Plainsmen batting - Pitching for Columbia River Rats : LHP Joe Khokar
Pinch Hitting: RHB José Bravo 0-0: Called Strike
0-1: Ball
1-1: Ground out 5-3 (Groundball, 5)
Batting: LHB Josh Platt 0-0: Ball
1-0: Foul Ball, location: 2F
1-1: Ball
2-1: Swinging Strike
2-2: Strikes out looking
Batting: RHB Alco Compagne 0-0: Fly out, F9 (Flyball, 9LS)
Bottom of the 8th over - 0 run(s), 0 hit(s), 0 error(s), 0 left on base; Columbia 2 - Nebraska 11
TOP OF THE 9TH
Columbia River Rats batting - Pitching for Nebraska Plainsmen : RHP Alejandro Morín
Now at C: José Muñóz
Now at 3B: José Bravo
Now in LF: Jen-djieh Cheung
Batting: RHB Fernando Arévalo 0-0: Foul Ball, location: 2F
0-1: Called Strike
0-2: Foul Ball, location: 2F
0-2: Ground out 6-3 (Groundball, 56)
Batting: RHB Miguel Delgado 0-0: SINGLE (Line Drive, 34)
Batting: RHB Víctor Hernández 0-0: Ball
1-0: Ball
2-0: Called Strike
2-1: Fly out, F6 (Line Drive, 56)
Batting: RHB Mario Jacome 0-0: Called Strike
0-1: Swinging Strike
0-2: Ball
1-2: Foul Ball, location: 2F
1-2: Ground out 5-3 (Groundball, 5S)
Top of the 9th over - 0 run(s), 1 hit(s), 0 error(s), 1 left on base; Columbia 2 - Nebraska 11
Tuesday, August 29th, 2017 - OOTP Baseball 17.12 Build 75